 Dungeon Crawl Stone Soup version 0.17-a0-2055-gb4e23be (webtiles) character file.

6 dpvblackbelt the Stinger (level 1, 0/11 HPs)
             Began as an Octopode Venom Mage on Oct 11, 2015.
             Slain by a giant newt (3 damage)
             ... on level 1 of the Dungeon.
             The game lasted 00:00:33 (390 turns).

dpvblackbelt the Stinger (Octopode Venom Mage)       Turns: 390, Time: 00:00:33

Health: 0/11       AC:  1    Str:  7    XL:     1   Next: 90%
Magic:  2/3        EV: 12    Int: 17    God:
Gold:   0          SH:  0    Dex: 12    Spells: 1 memorised, 3 levels left

rFire  . . .     SeeInvis .     c - +0 club
rCold  . . .     Clarity  .     (no shield)
rNeg   . . .     SustAt   .     (helmet restricted)
rPois  .         Gourm    .     (no amulet)
rElec  .         Spirit   .     (no ring)
rCorr  .         Warding  .     (no ring)
rMut   .         Stasis   .     (no ring)
MR     .....                    (no ring)
Stlth  +++.......               (no ring)
                                (no ring)
                                (no ring)
                                (no ring)

@: not resistant to hostile enchantments, fairly stealthy
A: almost no armour, amphibious, 8 rings, constrict 8, camouflage 1, gelatinous
body 1
a: no special abilities


You were on level 1 of the Dungeon.
You were not hungry.

You visited 1 branch of the dungeon, and saw 1 of its levels.

Inventory:

Hand Weapons
 c - a +0 club (weapon)
   (You took it off a hobgoblin on level 1 of the Dungeon)
Scrolls
 d - a scroll of identify {unknown}
 f - a scroll of remove curse {unknown}
Potions
 e - a potion of curing {unknown}
Books
 a - a Young Poisoner's Handbook
Comestibles
 b - a bread ration {@e1}


   Skills:
 - Level 2.0 Dodging
 - Level 2.6 Stealth
 - Level 2.0 Spellcasting
 + Level 5.2 Poison Magic


You had 3 spell levels left.
You knew the following spells:

 Your Spells              Type           Power        Failure   Level  Hunger
a - Sting                 Conj/Pois      ##..         10%         1    #......


Dungeon Overview and Level Annotations

Branches:
Dungeon (1/15)

Altars:


Innate Abilities, Weirdness & Mutations

You cannot wear most types of armour.
You are amphibious.
You can wear up to eight rings at the same time.
You can use your tentacles to constrict eight enemies at once.
Your skin changes colour to match your surroundings (Stealth).
Your rubbery body absorbs attacks (AC +1).


Message History

The goblin shouts!
Aim: a goblin The sting hits the goblin.
The goblin is poisoned.
You now have 2/3 mp.
You miss the goblin. Your grab misses the goblin. The goblin hits you.
You take 4 damage, and have 7/11 hp.
MASSIVE DAMAGE!!
You barely miss the goblin. Your grab misses the goblin.
Your squeeze misses the goblin.
You kill the goblin!
You start resting.
Health restored: 11; MP restored: 3 A giant newt comes into view.
A giant newt is nearby!
A giant newt is nearby!
A rat comes into view.
A bat and 2 hobgoblins come into view.
The helpless rat fails to defend itself.
You tentacle-slap the rat.
You kill the rat!
Your Poison Magic skill increases to level 5!
Aim: a giant newt You miscast Sting.
You are very lightly contaminated with residual magic.
Nothing appears to happen.
You now have 2/3 mp.
Aim: a giant newt The sting hits the giant newt.
You kill the giant newt!
You now have 1/3 mp.
Aim: a hobgoblin, wielding a club The sting hits the hobgoblin.
The hobgoblin is poisoned.
You now have 0/3 mp.
You kill the hobgoblin!
c - a club Wield which item (- for none, * to show all)? (? for menu, Esc to quit)
c - a +0 club (weapon)
You start resting.
Your magical contamination has completely faded away.
You start resting.
MP restored: 3 No target in view!
No target in view!
No target in view!
No target in view!
No target in view!
The hobgoblin is too close now for your liking.
There are monsters nearby!
There are monsters nearby!
The helpless bat fails to defend itself.
You hit the bat. You grab the bat.
You constrict the bat, but do no damage.
The bat barely misses you.
The bat struggles to escape constriction. x3
There are monsters nearby!
You barely miss the bat. You constrict the bat.
You kill the bat!
The hobgoblin hits you.
You take 3 damage, and have 8/11 hp.
MASSIVE DAMAGE!!
You barely miss the hobgoblin. Your grab misses the hobgoblin.
You squeeze the hobgoblin.
You kill the hobgoblin!
No target in view!
You start resting.
No target in view!
You see here a hobgoblin corpse.
d - a scroll labeled HAELECL FA WIM Health restored: 11
e - a pink potion No target in view!
Found a stone staircase leading down.
f - a scroll labeled GOTTER KESUI No target in view!
No target in view!
A giant newt comes into view.
A giant newt is nearby!
A giant newt is nearby!
The helpless giant newt fails to defend itself.
You hit the giant newt. Your grab misses the giant newt.
The giant newt barely misses you. The giant newt bites you.
You take 3 damage, and have 8/11 hp.
MASSIVE DAMAGE!!
You miss the giant newt. Your grab misses the giant newt.
The giant newt barely misses you.
A giant newt is nearby!
You barely miss the giant newt. Your grab misses the giant newt.
Your squeeze misses the giant newt. The giant newt bites you.
You take 2 damage, and have 6/11 hp.
You closely miss the giant newt. Your grab misses the giant newt.
The giant newt bites you but does no damage.
The giant newt bites you.
* * * LOW HITPOINT WARNING * * *
You take 3 damage, and have 3/11 hp.
MASSIVE DAMAGE!!
A giant newt is nearby!
You are too injured to fight recklessly!
A giant newt is nearby!
You are too injured to fight recklessly!
A giant newt is nearby!
You are too injured to fight recklessly!
Aim: a giant newt The sting hits the giant newt.
The giant newt bites you.
You die...

.. #.### ...# #####...
...#..# #....#######
############.#.%.l...##.
................@.......
######.#######.#########
#.# #.# #.# #.# #.# #.#
#.# #.# #.#######.#
#.........# ###########


You could see a giant newt.

Vanquished Creatures
  A goblin (D:1)
  2 hobgoblins (D:1)
  A bat (D:1)
  A giant newt (D:1)
  A rat (D:1)
6 creatures vanquished.

Notes
Turn   | Place    | Note
--------------------------------------------------------------
     0 | D:1      | dpvblackbelt the Octopode Venom Mage began the quest for the Orb.
     0 | D:1      | Reached XP level 1. HP: 11/11 MP: 3/3
   170 | D:1      | Reached skill level 5 in Poison Magic
   390 | D:1      | Slain by a giant newt

Vault maps used:
D:1:      mrwooster_arrival_statue_2

Action                   || total
-------------------------++-------
Melee: Club              ||     7
       Unarmed           ||     3
 Cast: Sting             ||     4
 Stab: Sleeping          ||     3

Vault maps used:
D:1:      mrwooster_arrival_statue_2

Table legend:
 A = Turns spent in this place as a percentage of turns spent in the entire game.
 B = Non-inter-level travel turns spent in this place as a percentage of non-inter-level travel turns spent in the entire game.
 C = Inter-level travel turns spent in this place as a percentage of turns spent in this place.
 D = Turns resting spent in this place as a percentage of non-inter-level travel turns spent in this place.
 E = Turns spent auto-exploring this place as a percentage of non-inter-level travel turns spent in this place.
 F = Non-inter-level travel turns spent in this place divided by the number of levels of this place that you've seen.
                   A       B       C       D       E      F
               +-------+-------+-------+-------+-------+----------------------
         Total | 100.0 | 100.0 |   0.0 |   8.8 |   7.7 |  91.0
       Dungeon | 100.0 | 100.0 |   0.0 |   8.8 |   7.7 |  91.0
               +-------+-------+-------+-------+-------+----------------------

Table legend:
 A = Kills in this place as a percentage of kills in entire the game.
 B = Kills by you in this place as a percentage of kills by you in the entire game.
 C = Kills by friends in this place as a percentage of kills by friends in the entire game.
 D = Other kills in this place as a percentage of other kills in the entire game.
 E = Experience gained in this place as a percentage of experience gained in the entire game.
 F = Experience gained in this place divided by the number of levels of this place that you have seen.
                   A       B       C       D       E      F
               +-------+-------+-------+-------+-------+----------------------
         Total | 100.0 | 100.0 |  -nan |  -nan | 100.0 |   9.0
       Dungeon | 100.0 | 100.0 |  -nan |  -nan | 100.0 |   9.0
               +-------+-------+-------+-------+-------+----------------------
